AoeStats
← manriqueteee

Arabia

506763091Analyzed
2v2 RM · 18d ago on Sep 15, 2026· 56m 4s· 4 players
Game mode
Random Map
Map size
Medium (4 player)
Population
200
Speed
Normal
Resources
Standard
Victory
Conquest
Starting age
Dark Age
Ending age
Imperial Age
RankedLock teamsTeams togetherTeam positionsShared explorationLock speedFull tech treeHidden civsTurbo modeCheats
Victory
Defeat
🇨🇴 Chinese · Colombia
933
+38
🇨🇴 Japanese · Colombia
925
+15
🇲🇽 Turks · Mexico
948
-16
🇨🇱 Persians · Chile
874
-14
Lord_Willow
8:31 Loom
10:23 Feudal Age
20:58 Castle Age
20:14 Forging
20:15 Bloodlines
24:10 Husbandry
25:10 Horse Collar
26:42 Scale Barding Armor
29:34 Double-Bit Axe
37:01 Imperial Age
34:05 Elite Skirmisher
35:46 Wheelbarrow
38:12 Conscription
41:11 Cavalier
42:04 Padded Archer Armor
42:10 Town Watch
43:12 Iron Casting
45:54 Fletching
47:05 Blast Furnace
52:55 Savar
AirEndymion113
6:51 Loom
9:10 Feudal Age
10:25 Double-Bit Axe
19:36 Castle Age
AdoFan14799
8:56 Loom
10:41 Feudal Age
15:21 Castle Age
32:17 Double-Bit Axe
43:34 Imperial Age
41:11 Yasama
42:25 Wheelbarrow
41:41 Horse Collar
42:10 Gold Mining
42:55 Bow Saw
43:00 Heavy Plow
43:57 Forging
43:48 Scale Mail Armor
44:56 Kataparuto
45:50 Hoardings
45:57 Hoardings
45:37 Murder Holes
46:01 Block Printing
45:57 Redemption
46:53 Hand Cart
46:23 Town Watch
48:12 Gold Shaft Mining
47:50 Town Patrol
49:23 Elite Samurai
51:46 Two-Man Saw
51:26 Illumination
51:27 Sanctity
51:22 Fervor
51:15 Atonement
55:00 Iron Casting
54:40 Chain Mail Armor
manriqueteee
11:03 Feudal Age
13:11 Double-Bit Axe
17:58 Horse Collar
18:59 Wheelbarrow
18:35 Padded Archer Armor
18:26 Fletching
24:48 Castle Age
23:26 Man-at-Arms
25:21 Crossbowman
28:38 Thumb Ring
32:32 Bodkin Arrow
32:53 Leather Archer Armor
39:38 Gold Mining
43:45 Imperial Age
42:34 Loom
44:55 Gold Shaft Mining
44:12 Stone Mining
44:35 Bow Saw
46:09 Chemistry
51:09 Pikeman
54:09 Ballistics
53:32 Halberdier
55:09 Ring Archer Armor
Connection lost

Rejoining the realm…

Still unreachable

The connection could not be restored.

Session expired

The server has moved on; the page needs a fresh start.